 Dungeon Crawl Stone Soup version 0.20.0-8-g6b59dc7 (webtiles) character file.

1334 MTVSty1e the Ruffian (level 8, -4/69 HPs)
             Began as a Yellow Draconian Transmuter on June 1, 2017.
             Was an Initiate of Gozag.
             Slain by an orc warrior
             ... wielding a +0 flail
              (14 damage)
             ... on level 6 of the Dungeon.
             The game lasted 00:23:15 (8283 turns).

MTVSty1e the Ruffian (Yellow Draconian Transmuter)  Turns: 8283, Time: 00:23:16

Health: -4/69      AC:  2    Str: 13    XL:     8   Next: 34%
Magic:  20/20      EV: 26    Int: 15    God:    Gozag
Gold:   108        SH:  0    Dex: 22    Spells: 1/12 levels left

rFire    . . .     SeeInvis .     - Unarmed
rCold    + . .     Gourm    .   (shield currently unavailable)
rNeg     . . .     Faith    .   (armour unavailable)
rPois    x         Spirit   .   (helmet currently unavailable)
rElec    .         Reflect  .   (cloak currently unavailable)
rCorr    .         Harm     .   (gloves currently unavailable)
MR       .....                  (boots currently unavailable)
Stlth    +++.......             d - amulet of magic regeneration
Regen    0.3/turn               c - ring of protection from cold
MPRegen  0.3/turn               i - ring of magical power

@: agile, spider-form (expiring)
A: (spit acid), (acid resistance), unfitting armour, AC +6
a: End Transformation, Potion Petition, Call Merchant, Bribe Branch, Renounce
Religion


You were on level 6 of the Dungeon.
You worshipped Gozag.
Gozag was aware of your devotion.
You were very hungry.
You were a venomous arachnid creature.
You visited 2 branches of the dungeon, and saw 7 of its levels.

You collected 287 gold pieces.
You spent 114 gold pieces at shops.
You paid 65 gold pieces to Gozag.

Inventory:

Missiles
 a - 24 arrows
Armour
 k - a +0 cloak (melded)
Jewellery
 c - a ring of protection from cold (left front leg)
 d - an amulet of magic regeneration (around neck)
 i - a ring of magical power (right front leg)
Wands
 m - a wand of confusion (15/48)
 n - a wand of flame (7/48)
 p - a wand of polymorph (1/24)
Scrolls
 g - a scroll of blinking
 j - a scroll of teleportation
 v - a scroll of random uselessness {unknown}
Potions
 e - 2 potions of mutation
 f - a potion of berserk rage
 l - 3 potions of curing
 r - a potion of cancellation {unknown}
 s - a potion of might {unknown}
Books
 b - a book of Changes

   Spells                             Type                      Level
   a - Beastly Appendage              Transmutation                1
   b - Sticks to Snakes               Transmutation                2
   c - Spider Form                    Transmutation/Poison         3
   d - Ice Form                       Ice/Transmutation            4
   e - Blade Hands                    Transmutation                5
 t - Sucw's Handbook of the Helpful Glacier
   (You found it on level 6 of the Dungeon)

   Spells                             Type                      Level
   a - Freeze                         Ice                          1
   b - Ensorcelled Hibernation        Hexes/Ice                    2
   c - Ozocubu's Armour               Charms/Ice                   3
   d - Throw Icicle                   Conjuration/Ice              4
   e - Summon Ice Beast               Ice/Summoning                4
   f - Ozocubu's Refrigeration        Ice                          6
Comestibles
 h - 19 fruits
 u - 2 royal jellies


   Skills:
 + Level 5.5 Fighting
 + Level 2.6 Dodging
 * Level 7.7 Unarmed Combat
 + Level 2.6 Spellcasting
 + Level 4.6 Transmutations


You had one spell level left.
You knew the following spells:

 Your Spells              Type           Power        Failure   Level  Hunger
a - Beastly Appendage     Tmut           ###...       11%         1    #......
b - Sticks to Snakes      Tmut           ###.....     14%         2    ###....
c - Spider Form           Tmut/Pois      #.........   45%         3    ###....
d - Blade Hands           Tmut           ###.......   83%         5    ######.


Dungeon Overview and Level Annotations

Branches:
Dungeon (6/15)             Temple (1/1) D:6

Altars:
Ashenzari
Cheibriados
Dithmenos
Elyvilon
Fedhas
Gozag
Hepliaklqana
Kikubaaqudgha
Makhleb
Nemelex Xobeh
Okawaru
Qazlal
Ru
Sif Muna
Trog
Uskayaw
Vehumet
Xom
Yredelemnul
Zin
The Shining One

Shops:
D:5 *

Annotations:
D:3 Duvessa


Innate Abilities, Weirdness & Mutations

((You can spit globs of acid.))
((You are resistant to acid.))
((Your golden yellow scales are hard. (AC +6)))
You cannot fit into any form of body armour.
((You are cold-blooded and may be slowed by cold attacks.))


Message History

The orc warrior completely misses you.
Okay, then.
It was a potion of magic.
Magic courses through your body. The orc warrior misses you.
You hit the orc warrior.
The orc warrior is poisoned.
The orc warrior is heavily wounded.
You hit the orc warrior.
The orc warrior looks even sicker.
The orc warrior is heavily wounded.
Your transformation is almost over.
The orc warrior barely misses you.
You bite the orc warrior!
The orc warrior looks as sick as possible!
The orc warrior is almost dead.
The orc priest casts a cantrip, but nothing happens.
The orc warrior completely misses you.
You barely miss the orc warrior.
The orc warrior is almost dead.
The orc warrior hits you with a flail!
You die...
Your body crumbles into a pile of gold.

#.#..........# #........#.
#.#..........# #...#.#..#.
#.#..........# #...#......
#.#..........########...#.#.##'
#.#..........#..............#..
#.#..........#.#####....#.#.#..
#.#..........#.##.........#.#..
#.##.#.#######.##.##..#.#...###
#.##.#.# #s##..............
#.##.#.#######o#####.##.#.####.
#.#...........oo ............>
#.##.#.#######.#####.##.#.#####
#.##.#.# #.# #.##.#.# #.####.#
#.# #.##.#.# #.# #.# #.# #. #.#
#.# #.# #.####.#


You could see an orc warrior, an orc priest and an orc.

Vanquished Creatures
  An orc warrior (D:5)
  A phantom (D:4)
  2 ogres (D:4)
  A bullfrog (D:6)
  A scorpion (D:6)
  Dowan (D:4)
  A bullfrog zombie (D:4)
  2 crimson imps (D:5)
  A quasit (D:5)
  An iron imp (D:5)
  2 hounds
  A bullfrog skeleton (D:5)
  5 orc wizards
  Ijyb (D:4)
  Natasha (twice) (D:4)
  Terence (D:3)
  3 worker ants (D:4)
  A hound zombie (D:6)
  8 gnolls (D:4)
  A howler monkey skeleton (D:4)
  5 adders
  A shadow imp (D:6)
  2 worms
  2 dart slugs
  3 leopard geckos
  22 orcs
  9 bats
  4 giant cockroaches
  11 goblins
  9 hobgoblins
  4 jackals
  7 kobolds
  3 quokkas
  A ball python (D:1)
  3 frilled lizards
  2 jackal skeletons (D:4)
  11 rats
136 creatures vanquished.

Notes
Turn   | Place    | Note
-------+----------+-------------------------------------------
     0 | D:1      | MTVSty1e the Draconian Transmuter began the quest for the Orb.
     0 | D:1      | Reached XP level 1. HP: 16/16 MP: 3/3
   515 | D:1      | Reached XP level 2. HP: 21/24 MP: 5/5
   521 | D:1      | Learned a level 2 spell: Sticks to Snakes
  1226 | D:1      | Reached XP level 3. HP: 25/29 MP: 4/6
  1587 | D:2      | Reached skill level 4 in Unarmed Combat
  2263 | D:3      | Reached XP level 4. HP: 37/37 MP: 5/7
  2269 | D:3      | Learned a level 3 spell: Spider Form
  2580 | D:3      | Noticed Terence
  2613 | D:3      | Killed Terence
  2991 | D:4      | Reached XP level 5. HP: 43/45 MP: 8/8
  3355 | D:4      | Noticed Dowan
  3364 | D:4      | Noticed Natasha
  3375 | D:4      | Killed Natasha
  3375 | D:4      | Reached skill level 5 in Unarmed Combat
  3533 | D:4      | Noticed Natasha
  3540 | D:4      | Killed Natasha
  3545 | D:4      | Killed Dowan
  3545 | D:4      | Reached XP level 6. HP: 32/52 MP: 6/9
  3576 | D:4      | Noticed Duvessa
  4346 | D:4      | Reached skill level 6 in Unarmed Combat
  4474 | D:4      | Your scales start taking on a golden yellow colour.
  4474 | D:4      | Reached XP level 7. HP: 48/60 MP: 10/10
  4824 | D:4      | Noticed Ijyb
  4836 | D:4      | Killed Ijyb
  5480 | D:5      | Entered Level 5 of the Dungeon
  5534 | D:5      | Reached skill level 5 in Fighting
  5534 | D:5      | Reached skill level 7 in Unarmed Combat
  5567 | D:5      | Found a glowing silver altar of Zin.
  5672 | D:5      | Noticed Grinder
  5680 | D:5      | Noticed Grinder
  5680 | D:5      | Grinder changed into Grinder the iron imp
  5686 | D:5      | Killed Grinder the iron imp
  5769 | D:5      | Found Zukifreo's Assorted Antiques.
  5777 | D:5      | Bought a scroll labeled SUJYFA IRRU for 20 gold pieces
  5777 | D:5      | Bought a lumpy purple potion for 18 gold pieces
  5777 | D:5      | Bought a fuming silvery potion for 18 gold pieces
  5777 | D:5      | Bought a fizzy yellow potion for 18 gold pieces
  5777 | D:5      | Bought a scroll labeled ZAIR RETWA for 20 gold pieces
  5777 | D:5      | Bought a scroll labeled TOPETZAEWO for 20 gold pieces
  6317 | D:6      | Found a staircase to the Ecumenical Temple.
  6329 | Temple   | Entered the Ecumenical Temple
  7003 | D:5      | Reached XP level 8. HP: 40/69 MP: 11/11
  7453 | D:6      | Identified Sucw's Handbook of the Helpful Glacier
  7522 | Temple   | Became a worshipper of Gozag Ym Sagoz the Greedy
  8003 | D:6      | Learned a level 5 spell: Blade Hands
  8283 | D:6      | Slain by an orc warrior

Skill      XL: |  1  2  3  4  5  6  7 |
---------------+----------------------+-----
Fighting       | 2 3 4 5 |  5.5
Unarmed Combat | 4 5 6 7 |  7.7
Transmutations | 3 4 |  4.6
Dodging        | 2 |  2.6
Spellcasting   | |  2.6

Action                   |  1- 3 |  4- 6 |  7- 9 || total
-------------------------+-------+-------+-------++-------
Melee: Unarmed           |   205 |   142 |   228 ||   575
       Tailslap          |    14 |     8 |    28 ||    50
       Headbutt          |     5 |     7 |     6 ||    18
       Kick              |    14 |     4 |    25 ||    43
       Punch             |     1 |     1 |     5 ||     7
 Cast: Beastly Appendage |    28 |    13 |    24 ||    65
       Spider Form       |       |     7 |     7 ||    14
 Abil: Breathe Acid      |       |       |     1 ||     1
Evoke: Wand              |       |       |     4 ||     4
  Use: Scroll            |     3 |     4 |     5 ||    12
       Potion            |       |       |     5 ||     5
 Stab: Sleeping          |     1 |       |       ||     1
  Eat: Meat ration       |     1 |       |       ||     1
       Bread ration      |       |     1 |     2 ||     3
       Royal jelly       |       |     2 |       ||     2
       Chunk             |       |       |     3 ||     3
       Fruit             |       |       |     1 ||     1
Armor: Skin              |    74 |    22 |    44 ||   140
Dodge: Dodged            |   145 |    96 |   129 ||   370
